 Dungeon Crawl Stone Soup version 0.19-a0-854-gc78d25d (webtiles) character file.

182 Fubayashi the Digger (level 5, 0/28 HPs)
             Began as a Gargoyle Earth Elementalist on July 1, 2016.
             Slain by a worker ant (3 damage)
             ... on level 4 of the Dungeon.
             The game lasted 00:09:00 (3179 turns).

Fubayashi the Digger (Gargoyle Earth Elementalist)  Turns: 3179, Time: 00:09:00

Health: 0/28       AC:  6    Str: 11    XL:     5   Next: 61%
Magic:  0/11       EV: 12    Int: 17    God:
Gold:   117        SH:  0    Dex: 10    Spells: 2 memorised, 8 levels left

rFire  . . .     SeeInvis .     k - +0 club
rCold  . . .     Gourm    .     c - +0 robe
rNeg   + . .     Faith    .     (no shield)
rPois  ∞         Spirit   .     (no helmet)
rElec  +         Dismiss  .     (no cloak)
rCorr  .         Reflect  .     (no gloves)
SustAt .         Harm     .     (no boots)
MR     .....                    (no amulet)
Stlth  ++........               (no ring)
                                (no ring)

@: not resistant to hostile enchantments, unstealthy
A: negative energy resistance 1, electricity resistance, unbreathing,
petrification resistance, rot immunity, AC +4
a: no special abilities


You were on level 4 of the Dungeon.
You were not hungry.

You visited 1 branch of the dungeon, and saw 4 of its levels.

You collected 117 gold pieces.

Inventory:

Hand Weapons
 k - a +0 club (weapon)
Missiles
 b - 146 stones (quivered)
Armour
 c - a +0 robe (worn)
Jewellery
 q - an uncursed ring of flight {unknown}
Scrolls
 a - 2 scrolls of random uselessness {unknown}
 f - 7 scrolls of remove curse {unknown}
 n - 2 scrolls of blinking
 p - a scroll of enchant weapon {unknown}
 s - a scroll of noise {unknown}
 t - a scroll of enchant armour {unknown}
Potions
 g - 2 potions of flight {unknown}
 h - a potion of mutation {unknown}
 j - 4 potions of curing {unknown}
 l - 2 potions of might {unknown}
Books
 e - a book of Geomancy

   Spells                             Type                      Level
   a - Sandblast                      Earth                        1
   b - Passwall                       Transmutation/Earth          2
   c - Stone Arrow                    Conjuration/Earth            3
   d - Petrify                        Transmutation/Earth          4
   e - Lee's Rapid Deconstruction     Earth                        5
Comestibles
 d - 2 bread rations {@e1}
 i - 2 meat rations {@e1}
 o - a royal jelly {@e3}
 r - 2 beef jerkies {@e2}


   Skills:
 - Level 1.5 Dodging
 - Level 2.1 Stealth
 * Level 4.0 Spellcasting
 + Level 2.0 Conjurations
   Level 0.7 Transmutations
 + Level 5.0 Earth Magic


You had 8 spell levels left.
You knew the following spells:

 Your Spells              Type           Power        Failure   Level  Hunger
a - Sandblast             Erth           ###...       1%          1    None
b - Stone Arrow           Conj/Erth      ###...       12%         3    ###....


Dungeon Overview and Level Annotations

Branches:
Dungeon (4/15)
 Temple: D:4-7

Altars:
Fedhas
Nemelex Xobeh
Okawaru
Pakellas
Sif Muna
Zin
The Shining One


Innate Abilities, Weirdness & Mutations

You are resistant to torment.
Your stone body is resilient. (AC +4)
You are immune to poison.
You resist negative energy. (rN+)
You are resistant to electric shocks. (rElec)
You can survive without breathing.
You are immune to petrification.
You are immune to rotting.


Message History

Press: ? - help, Shift-Dir - straight line, f/p - worker ant
Aim: a worker ant (almost dead)
The blast of sand hits the worker ant.
The worker ant is almost dead.
The worker ant bites you.
Casting: Sandblast
Confirm with . or Enter, or press ? or * to list all spells.
Aiming: Sandblast
Press: ? - help, Shift-Dir - straight line, f/p - worker ant
Aim: a worker ant (almost dead)
The blast of sand misses the worker ant.
The worker ant bites you.
* * * LOW HITPOINT WARNING * * *
You closely miss the worker ant.
The worker ant is almost dead.
The worker ant bites you.
* * * LOW HITPOINT WARNING * * *
The worker ant bites you but does no damage.
The worker ant bites you.
You die...

...##........#
.............##
.....$........##
...............###
.................. .
.................# ..
.....#......?.....###...
.....##......(....#....
......##...a@.......#
....................#
................<.#.#
.............#..###
.............##....
..............#####>.
..............#
#..........##.#
##..######## ...


You could see a worker ant.

Vanquished Creatures
  Jessica (D:3)
  Terence (D:3)
  2 worker ants
  3 adders (D:3)
  2 worms
  A giant gecko (D:2)
  An orc (D:3)
  A ball python (D:1)
  2 bats
  11 goblins
  6 hobgoblins
  2 jackals (D:3)
  A quokka (D:3)
  3 giant newts
  6 kobolds
  7 rats
50 creatures vanquished.

Notes
Turn   | Place    | Note
-------+----------+-------------------------------------------
     0 | D:1      | Fubayashi the Gargoyle Earth Elementalist began the quest for the Orb.
     0 | D:1      | Reached XP level 1. HP: 10/10 MP: 3/3
   181 | D:1      | Reached XP level 2. HP: 15/15 MP: 0/5
   596 | D:1      | You fall through a shaft!
   656 | D:2      | Reached skill level 4 in Earth Magic
  1118 | D:1      | Reached XP level 3. HP: 13/19 MP: 7/7
  1293 | D:1      | Learned a level 3 spell: Stone Arrow
  1432 | D:2      | Found a sparkling altar of Nemelex Xobeh.
  1751 | D:3      | Found an oddly glowing altar of Pakellas.
  1751 | D:3      | Found a glowing silver altar of Zin.
  1751 | D:3      | Found an iron altar of Okawaru.
  1903 | D:3      | Reached XP level 4. HP: 21/24 MP: 8/8
  2063 | D:3      | Noticed Terence
  2172 | D:3      | Reached skill level 1 in Conjurations
  2367 | D:3      | Found a deep blue altar of Sif Muna.
  2367 | D:3      | Found a glowing golden altar of the Shining One.
  2369 | D:3      | Found a blossoming altar of Fedhas.
  2714 | D:3      | Killed Terence
  2714 | D:3      | Reached XP level 5. HP: 16/28 MP: 0/10
  2850 | D:3      | Noticed Jessica
  2955 | D:3      | Killed Jessica
  2955 | D:3      | Reached skill level 5 in Earth Magic
  3179 | D:4      | Slain by a worker ant

Vault maps used:
D:1:      scummos_arrival_star
D:2:      overflow_temple_1_default
D:3:      grunt_temple_overflow_open, uniq_jessica, uniq_terence
D:4:      first_bread, uniq_natasha, uniq_crazy_yiuf_cottage, uniq_edmund

Skill      XL: |  1  2  3  4  5 |
---------------+----------------+-----
Earth Magic    | 4 5 |  5.0
Spellcasting   | 3 4 |  4.0
Conjurations   | 1 2 |  2.0
Dodging        | |  1.5
Stealth        | |  2.1
Transmutations | |  0.7

Action                   |  1- 3 |  4- 6 || total
-------------------------+-------+-------++-------
Melee: Unarmed           |    39 |       ||    39
       Club              |    82 |    49 ||   131
 Cast: Sandblast         |    20 |    33 ||    53
       Stone Arrow       |       |     3 ||     3
  Use: Scroll            |       |     1 ||     1
 Stab: Sleeping          |     1 |       ||     1
  Eat: Chunk             |     3 |     3 ||     6
       Pizza             |       |     1 ||     1
Armor: Robe              |    47 |    31 ||    78
Dodge: Dodged            |    79 |    62 ||   141
